 Dungeon Crawl Stone Soup version 0.32-a0-20-ge526923d97 (webtiles) character file.

Game seed: 9629099094343621844

7 BigPumpCobain the Chopper (level 1, 0/30 HPs)
             Began as a Minotaur Berserker on Jan 17, 2024.
             Was a Follower of Trog.
             Succumbed to a goblin's poison
             ... on level 1 of the Dungeon.
             The game lasted 00:00:21 (135 turns).

BigPumpCobain the Chopper (Minotaur Berserker)       Turns: 135, Time: 00:00:21

Health: 0/30       AC: 20    Str: 21    XL:     1   Next: 91%
Magic:  0/0        EV:  2    Int:  4    God:    Trog [*.....]
Gold:   33         SH:  0    Dex:  9    Spells: 0/0 levels left

rFire   . . .        a - +0 hand axe
rCold   . . .        (no shield)
rNeg    . . .        b - melded +0 animal skin
rPois   +            (helmet currently unavailable)
rElec   .            (cloak currently unavailable)
rCorr   .            (gloves currently unavailable)
SInv    .            (boots currently unavailable)
Will    .....        (no amulet)
Stlth   +            (no ring)
HPRegen 0.25/turn    (no ring)
MPRegen 0.07/turn

%: no passive effects
@: lethally poisoned (0 -> -7), tree-form, invisible
A: stationary, stasis, torment immunity, boosted hp, (horns 2), (retaliatory
headbutt)
a: Renounce Religion, Berserk


You were on level 1 of the Dungeon.
You worshipped Trog.
Trog was aware of your devotion.
You were a tree.
You visited 1 branch of the dungeon, and saw 1 of its levels.

You collected 33 gold pieces.

Inventory:

Hand Weapons
 a - a +0 hand axe (weapon)
Armour
 b - a +0 animal skin (melded)


   Skills:
 + Level 3.7 Fighting
 * Level 3.9 Axes
 + Level 2.6 Armour
 + Level 2.3 Dodging


You couldn't memorise any spells.
You didn't know any spells.
Your spell library was empty.

Dungeon Overview and Level Annotations

Branches:
Dungeon (1/15)

Altars:


Innate Abilities, Weirdness & Mutations

You are a tree.
Your roots penetrate the ground, keeping you stationary.
You cannot be teleported.
You are immune to unholy pain and torment.
Your maximum health is greatly increased.
Your equipment is partially melded.
((You have a pair of horns on your head.))
((You reflexively headbutt those who attack you in melee.))


Message History

No target in view!
No target in view!
No target in view!
No target in view!
No target in view!
No target in view!
No target in view!
A goblin comes into view. It is wielding a +1 dagger of venom.
The goblin shouts!
The goblin hits you with a +1 dagger of venom.
You are poisoned.
You barely miss the goblin.
You feel sick. The goblin closely misses you.
You hit the goblin but do no damage.
You feel sick.
The goblin hits you with a +1 dagger of venom.
You are lethally poisoned!
You are too injured to fight recklessly!
You are too injured to fight recklessly!
You are too injured to fight recklessly!
You are too injured to fight recklessly!
There is a lethal amount of poison in your body!
You closely miss the goblin. You headbutt the goblin.
The goblin is moderately wounded.
* * * LOW HITPOINT WARNING * * *
You feel very sick. The goblin barely misses you. You furiously retaliate!
You headbutt the goblin. You hit the goblin.
You kill the goblin!
Trog accepts your kill.
* * * LOW HITPOINT WARNING * * *
You feel very sick.
Okay, then.
Okay, then.
It was a potion of invisibility.
You fade into invisibility!
* * * LOW HITPOINT WARNING * * *
You feel sick.
It was a potion of lignification.
You turn into a tree.
Your +0 animal skin melds into your body.
Your roots penetrate the ground.
You die...

#..# #.|#
#..#
#..#######.#
#...........
#.##(######
...#...##
####..#..#
#.###♣# #.
#).# ##...##
###. #. #.
#. ##


There were no monsters in sight!

Vanquished Creatures
  2 goblins (D:1)
  A hobgoblin (D:1)
  A ball python (D:1)
  A frilled lizard (D:1)
  2 kobolds (D:1)
7 creatures vanquished.

Notes
Turn   | Place    | Note
-------+----------+-------------------------------------------
     0 | D:1      | BigPumpCobain the Minotaur Berserker began the quest for
                  | the Orb.
     0 | D:1      | Reached XP level 1. HP: 19/19 MP: 0/0
   134 | D:1      | HP: 1/20 [poisoned by a goblin]
   135 | D:1      | Succumbed to a goblin's poison

Illustrated notes

Levels and vault maps discovered:
D:1:      lightli_arrival_flooded_house, layout_loops_ring,
          shapermc_ecumenical_altar_venn, lexackson_kobold_supper

Action                     || total
---------------------------++-------
  Melee: Hand axe          ||    19
         Headbutt          ||     3
    Use: Potion            ||     2
 Armour: Animal skin       ||    11
  Dodge: Dodged            ||     9

Table legend: (Time is in decaauts)
 A = Elapsed time spent in this place.
 B = Non-inter-level travel time spent in this place.
 C = Inter-level travel time spent in this place.
 D = Time resting spent in this place.
 E = Time spent auto-exploring this place.
 F = Levels seen in this place.
 G = Mean time per level.
                   A        B        C        D        E       F      G
               +--------+--------+--------+--------+--------+-----+--------+
         Total |    137 |    137 |      0 |      0 |     94 |   1 |  137.0 |
       Dungeon |    137 |    137 |      0 |      0 |     94 |   1 |  137.0 |
               +--------+--------+--------+--------+--------+-----+--------+

Top non-repeatable levels by time:
     D:1: 137 daAuts
